 Dungeon Crawl Stone Soup version 0.28-a0-1624-g820543e53a (webtiles) character file.

Game seed: 2617813853953947010

85 HallandMoats the Vandal (level 4, -1/37 HPs)
             Began as a Ghoul Hunter on Jan 23, 2022.
             Was an Initiate of Okawaru.
             Slain by Grinder (5 damage)
             ... while paralysed by Grinder
             ... on level 3 of the Dungeon.
             The game lasted 00:02:10 (2270 turns).

HallandMoats the Vandal (Ghoul Hunter)              Turns: 2270, Time: 00:02:11

Health: -1/37      AC:  6    Str: 15    XL:     4   Next: 48%
Magic:  3/3        EV:  2    Int:  6    God:    Okawaru [......]
Gold:   88         SH:  0    Dex: 11    Spells: 3/3 levels left

rFire   . . .      SeeInvis .   a - +1 hunting sling
rCold   + . .      Faith    .   (no shield)
rNeg    + + +      Spirit   .   n - +0 ring mail
rPois   ∞          Reflect  .   m - +0 helmet
rElec   .          Harm     .   (no cloak)
rCorr   .          Rampage  .   (no gloves)
Will    .....                   (no boots)
Stlth   +.........              (no amulet)
HPRegen 0.00/turn               (no ring)
MPRegen 0.08/turn               (no ring)

@: paralysed, inhibited regen
A: claws 1, cold resistance 1, negative energy resistance 3, inhibited
regeneration, torment resistance 2
a: Renounce Religion


You were on level 3 of the Dungeon.
You worshipped Okawaru.
Okawaru was noncommittal.
You visited 1 branch of the dungeon, and saw 3 of its levels.

You collected 88 gold pieces.

Inventory:

Hand Weapons
 a - a +1 hunting sling (weapon)
 b - a +0 short sword
Missiles
 d - 10 sling bullets (quivered ammo)
 i - 3 stones
Armour
 m - a +0 helmet (worn)
 n - a +0 ring mail (worn)
Scrolls
 e - a scroll of enchant armour
 h - a scroll of magic mapping
 j - a scroll of amnesia
Potions
 f - a potion of curing {unknown}
 g - a potion of degeneration {unknown}
 l - a potion of cancellation {unknown}


   Skills:
 + Level 2.9 Fighting
 * Level 4.3 Slings
 + Level 1.2 Armour
 + Level 2.4 Dodging
 - Level 1.1 Stealth
 * Level 0.6 Invocations


You had 3 spell levels left.
You didn't know any spells.
Your spell library contained the following spells:

 Spells                   Type           Power      Damage    Failure   Level
 Ensorcelled Hibernation  Hex/Ice        0%         N/A       82%         2
 Passwall                 Tmut/Erth      0%         N/A       82%         2
 Stone Arrow              Conj/Erth      0%         3d7       96%         3
 Swiftness                Air            0%         N/A       96%         3
 Lehudib's Crystal Spear  Conj/Erth      0%         10d2      100%        8
 Animate Armour           Summ/Erth      Unusable   N/A       N/A         4

Dungeon Overview and Level Annotations

Branches:
Dungeon (3/15)

Altars:
Okawaru

Shops:
D:2 (

Annotations:
D:3 Grinder


Innate Abilities, Weirdness & Mutations

You thrive by killing the living.
You are immune to poison.
You have sharp fingernails.
Your flesh is cold resistant. (rC+)
You are immune to negative energy. (rN+++)
You do not regenerate when monsters are visible.
You are immune to unholy pain and torment.


Message History

Fire: 16 sling bullets
Press: ? - help, Q - select action, (/) - cycle Shift-Dir - straight line, f/p - Grinder
Aim: Grinder (severely wounded, 57% to hit)
You shoot a sling bullet.
The sling bullet completely misses Grinder.
Grinder misses you.
Fire: 15 sling bullets
Press: ? - help, Q - select action, (/) - cycle Shift-Dir - straight line, f/p - Grinder
Aim: Grinder (severely wounded, 57% to hit)
You shoot a sling bullet. The sling bullet hits Grinder.
Grinder is severely wounded.
Grinder hits you but does no damage.
Fire: 14 sling bullets
Press: ? - help, Q - select action, (/) - cycle Shift-Dir - straight line, f/p - Grinder
Aim: Grinder (severely wounded, 57% to hit)
You shoot a sling bullet. The sling bullet hits Grinder.
Grinder is severely wounded.
Grinder hits you.
Fire: 13 sling bullets
Press: ? - help, Q - select action, (/) - cycle Shift-Dir - straight line, f/p - Grinder
Aim: Grinder (severely wounded, 57% to hit)
You shoot a sling bullet.
The sling bullet closely misses Grinder.
Grinder closely misses you.
Fire: 12 sling bullets
Press: ? - help, Q - select action, (/) - cycle Shift-Dir - straight line, f/p - Grinder
Aim: Grinder (severely wounded, 57% to hit)
You shoot a sling bullet.
The sling bullet hits Grinder but does no damage.
Grinder is severely wounded.
Grinder hits you!
* * * LOW HITPOINT WARNING * * *
Fire: 11 sling bullets
Press: ? - help, Q - select action, (/) - cycle Shift-Dir - straight line, f/p - Grinder
Aim: Grinder (severely wounded, 57% to hit)
You shoot a sling bullet. The sling bullet barely misses Grinder.
Grinder gestures at you.
You suddenly lose the ability to move!
Grinder hits you.
You die...

#... ...##....#..##.#.#
..... #..#.####...#.#.##
.....###.#.# #.#.#.#..#
..(.....÷.#####.#....#.#
......##÷.....#.#....#.##
#.#(.##.##...#......#..#
##.....(.............##.##
..>.....5.###.##.....##...
...#.##.#@((#....###.#....
.. #.###..###. #...... .#
#.# #(..#. #......
.......(......###.##......
.......((...§(.....<......
......##..########........
...... #(# #........
....## (# ##.#..... ...#
.# #.##....


You could see Grinder.

Vanquished Creatures
  Terence (D:2)
  2 adders
  A dart slug (D:1)
  A bat (D:3)
  3 endoplasms
  4 giant cockroaches
  5 hobgoblins
  4 kobolds (D:1)
  2 quokkas (D:1)
  4 ball pythons
  A frilled lizard (D:3)
  3 goblins
  6 rats
37 creatures vanquished.

Notes
Turn   | Place    | Note
-------+----------+-------------------------------------------
     0 | D:1      | HallandMoats the Ghoul Hunter began the quest for the Orb.
     0 | D:1      | Reached XP level 1. HP: 17/17 MP: 0/0
    94 | D:1      | Reached XP level 2. HP: 25/25 MP: 1/1
   346 | D:1      | Reached XP level 3. HP: 30/30 MP: 2/2
   377 | D:1      | Reached skill level 4 in Slings
  1156 | D:2      | Reached skill level 1 in Armour
  1261 | D:2      | Noticed Terence
  1271 | D:2      | Killed Terence
  1272 | D:2      | Reached XP level 4. HP: 29/37 MP: 3/3
  1512 | D:2      | Found Wilireqi's Weapon Emporium.
  1533 | D:2      | Found an iron altar of Okawaru.
  1557 | D:2      | Became a worshipper of Warmaster Okawaru
  1972 | D:3      | Found a faded altar of an unknown god.
  2002 | D:3      | Noticed Grinder
  2008 | D:3      | Paralysed by Grinder for 7 turns
  2021 | D:3      | Paralysed by Grinder for 2 turns
  2269 | D:3      | Paralysed by Grinder for 7 turns
  2270 | D:3      | Slain by Grinder

Illustrated notes

Levels and vault maps discovered:
D:1:      dpeg_arrival_tiny_j, layout_basic, serial_bayou, serial_bayou_shore_a,
          serial_bayou_lagoon_a, serial_bayou_shore_b, serial_bayou_shore_b,
          chequers_hall_statues_corner_a
D:2:      layout_rooms, serial_shops, nicolae_shop_trees, basic_altar,
          hangedman_decor_growths, minivault_5, nicolae_figureground_pulse,
          uniq_terence
D:3:      layout_rooms, nicolae_tso_swordbearing_angel,
          mainiacjoe_overflow_big_doors, portal_sewer_entry_b,
          ebering_ecumenical_altar_sacrificial, uniq_grinder

Skill      XL: |  1  2  3 |
---------------+----------+-----
Dodging        | 2 |  2.4
Slings         | 4 |  4.3
Armour         | 1 |  1.2
Fighting       | |  2.9
Stealth        | |  1.1
Invocations    | |  0.6

Action                   |  1- 3 |  4- 6 || total
-------------------------+-------+-------++-------
 Fire: Hunting sling     |    75 |    70 ||   145
  Use: Scroll            |       |     3 ||     3
Armor: Leather armour    |     1 |       ||     1
       Ring mail         |       |    13 ||    13
Dodge: Dodged            |    10 |    17 ||    27

Table legend: (Time is in decaauts)
 A = Elapsed time spent in this place.
 B = Non-inter-level travel time spent in this place.
 C = Inter-level travel time spent in this place.
 D = Time resting spent in this place.
 E = Time spent auto-exploring this place.
 F = Levels seen in this place.
 G = Mean time per level.
                   A        B        C        D        E       F      G
               +--------+--------+--------+--------+--------+-----+--------+
         Total |   2295 |   2206 |     89 |    212 |   1683 |   3 |  765.0 |
       Dungeon |   2295 |   2206 |     89 |    212 |   1683 |   3 |  765.0 |
               +--------+--------+--------+--------+--------+-----+--------+

Top non-repeatable levels by time:
     D:2: 1134 daAuts
     D:1: 1047 daAuts
     D:3: 113 daAuts
